 Dungeon Crawl Stone Soup version 0.24.0-1-gfbc8707122 (webtiles) character file.

Game seed: 14973490634152529044, levelgen mode: deterministic

84 Aviak the Skirmisher (level 4, 0/40 HPs)
             Began as a Draconian Abyssal Knight on Oct 26, 2019.
             Was a Believer of Lugonu.
             Slain by Sigmund
             ... wielding a +0 scythe
              (4 damage)
             ... on level 2 of the Dungeon.
             The game lasted 00:01:58 (971 turns).

Aviak the Skirmisher (Draconian Abyssal Knight)      Turns: 971, Time: 00:01:58

Health: 0/40       AC:  7    Str: 20    XL:     4   Next: 24%
Magic:  6/6        EV: 13    Int: 14    God:    Lugonu [**....]
Gold:   51         SH:  0    Dex: 11    Spells: 3/3 levels left

rFire    + . .     SeeInvis .   a - +1 spear
rCold    . . .     Gourm    .   (no shield)
rNeg     . . .     Faith    .   (armour unavailable)
rPois    .         Spirit   .   (helmet restricted)
rElec    .         Reflect  .   f - +1 cloak {+Inv}
rCorr    .         Harm     .   (no gloves)
MR       .....                  (no boots)
Stlth    +.........             (no amulet)
HPRegen  0.13/turn              c - +5 ring of strength
MPRegen  0.10/turn              (no ring)

@: no status effects
A: unfitting armour, stinger 1, clever 1, fire resistance 1, cold-blooded, AC +5
a: Depart the Abyss, Bend Space, Renounce Religion, Evoke Invisibility


You were on level 2 of the Dungeon.
You worshipped Lugonu.
Lugonu was pleased with you.
You were not hungry.

You visited 1 branch of the dungeon, and saw 2 of its levels.
You visited the Abyss 1 time.

You collected 51 gold pieces.

Inventory:

Hand Weapons
 a - a +1 spear (weapon)
Armour
 f - a +1 cloak of invisibility (worn)
Jewellery
 c - a +5 ring of strength (left hand)
Comestibles
 b - 2 rations


   Skills:
 + Level 4.0 Fighting
 + Level 2.8 Polearms
 + Level 2.8 Dodging
 + Level 2.9 Invocations


You had 3 spell levels left.
You didn't know any spells.
Your spell library was empty.

Dungeon Overview and Level Annotations

Branches:
Dungeon (2/15)

Altars:
Elyvilon

Annotations:
D:2 Sigmund


Innate Abilities, Weirdness & Mutations

Your plain brown scales are hard. (AC +5)
You cannot fit into any form of body armour.
You are cold-blooded and may be slowed by cold attacks.
Your tail ends in a poisonous barb.
Your mind is acute. (Int +2)
Your flesh is heat resistant. (rF+)


Message History

Okay, then.
You hit Sigmund.
Sigmund is lightly wounded.
Sigmund gestures wildly while chanting.
Sigmund flickers and vanishes!
Deactivating autopickup; reactivate with Ctrl-A.
You hit something. You tail-slap something. Something hits you!
You miss something. You hit something. Something hits you.
As you read the scroll labeled ACZILE ENUYVER, it crumbles to dust.
It is a scroll of identify.
You don't have any unidentified items.
Something hits you!
You barely miss something.
Unknown command.
You hit something. Something hits you!
* * * LOW HITPOINT WARNING * * *
All of the chunks of flesh in your inventory have rotted away.
You puncture something! Something hits you.
You die...

.................
#...#####.##.... ....
#.#..# # ......
..##..##. ....
#####.#..# ...
..........# ..#
.########..######.#####
##########......{.....#
........####..†>@.....#
#######.......†.......#
######..........#
#.$........#
#..........#
############


There were no monsters in sight!

Vanquished Creatures
  Crazy Yiuf (D:2)
  Jessica (D:2)
  5 bats
  A giant cockroach (D:1)
  5 hobgoblins
  2 frilled lizards
  5 goblins
  3 kobolds (D:1)
  5 rats
28 creatures vanquished.

Notes
Turn   | Place    | Note
-------+----------+-------------------------------------------
     0 | Abyss:1  | Aviak the Draconian Abyssal Knight began the quest for the
                  | Orb.
     0 | Abyss:1  | Reached XP level 1. HP: 19/19 MP: 2/2
    13 | D:1      | Escaped the Abyss
   211 | D:1      | Reached XP level 2. HP: 26/26 MP: 3/3
   375 | D:1      | Reached ** piety under Lugonu
   661 | D:2      | Noticed Sigmund
   664 | D:2      | Gained mutation: Your tail ends in a poisonous barb.
                  | [potion of mutation]
   664 | D:2      | Gained mutation: Your flesh is heat resistant. (rF+)
                  | [potion of mutation]
   664 | D:2      | Gained mutation: Your mind is acute. (Int +2) [potion of
                  | mutation]
   753 | D:2      | Noticed Jessica
   762 | D:2      | Killed Jessica
   762 | D:2      | Reached XP level 3. HP: 27/33 MP: 4/4
   821 | D:2      | Found a runed translucent door.
   822 | D:2      | Noticed Crazy Yiuf
   839 | D:2      | Killed Crazy Yiuf
   839 | D:2      | Reached skill level 4 in Fighting
   839 | D:2      | Reached XP level 4. HP: 40/40 MP: 6/6
   898 | D:2      | Found a white marble altar of Elyvilon.
   971 | D:2      | Slain by Sigmund

Levels and vault maps discovered:
D:1:      dpeg_arrival_lava_altar, layout_loops_cross
D:2:      layout_rooms, marbit_many_paths, first_ration, dk_yredelemnul_ordeal,
          uniq_sigmund, uniq_jessica, uniq_crazy_yiuf_cottage

Skill      XL: |  1  2  3 |
---------------+----------+-----
Fighting       | 4 |  4.0
Polearms       | |  2.8
Dodging        | |  2.8
Invocations    | |  2.9

Action                   |  1- 3 |  4- 6 || total
-------------------------+-------+-------++-------
Melee: Spear             |    67 |    14 ||    81
       Tailslap          |     3 |     2 ||     5
  Use: Potion            |     2 |       ||     2
       Scroll            |       |     1 ||     1
 Stab: Sleeping          |     2 |       ||     2
Armor: Skin              |    16 |     1 ||    17
Dodge: Dodged            |    42 |     4 ||    46
